 Dungeon Crawl Stone Soup version 0.20.1-1-g8b1a95d (webtiles) character file.

1556 Inchmeat the Spear-Bearer (level 8, -4/64 HPs)
             Began as a Merfolk Skald on Oct 12, 2017.
             Was a Follower of Ashenzari.
             Killed from afar by Erica (28 damage)
             ... with a bolt of poison
             ... on level 7 of the Dungeon on Oct 13, 2017.
             The game lasted 00:19:34 (7557 turns).

Inchmeat the Spear-Bearer (Merfolk Skald)           Turns: 7557, Time: 00:19:35

Health: -4/64      AC:  6    Str: 13    XL:     8   Next: 88%
Magic:  5/11       EV: 12    Int: 13    God:    Ashenzari [*.....]
Gold:   402        SH:  0    Dex: 13    Spells: 0/11 levels left

rFire    . . .     SeeInvis .   e - +0 trident (curse)
rCold    + . .     Gourm    .   (no shield)
rNeg     . . .     Faith    .   b - +1 leather armour {rC+} (curse)
rPois    .         Spirit   .   q - +0 helmet
rElec    .         Reflect  .   u - +0 cloak
rCorr    .         Harm     .   (no gloves)
MR       +....                  (no boots)
Stlth    +.........             n - amulet of regeneration (curse)
Regen    0.6/turn               r - ring of protection from magic
MPRegen  0.2/turn               (no ring)

@: lethally poisoned (-4 -> -7), infused
A: change form in water, swift swim, stealthy swim
a: Curse Item, Scrying, Renounce Religion


You were on level 7 of the Dungeon.
You worshipped Ashenzari.
Ashenzari was aware of your devotion.
You were not hungry.

You visited 2 branches of the dungeon, and saw 9 of its levels.
You also visited: Ossuary.

You collected 402 gold pieces.

Inventory:

Hand Weapons
 e - a cursed +0 trident (weapon)
Missiles
 y - 2 throwing nets (quivered)
Armour
 b - a cursed +1 leather armour of cold resistance (worn)
 q - a +0 helmet (worn)
 u - a +0 cloak (worn)
Jewellery
 n - a cursed amulet of regeneration (around neck)
 r - a ring of protection from magic (left hand)
 J - an uncursed ring of protection from fire
Wands
 E - a wand of random effects (21/48)
Scrolls
 f - 2 scrolls of remove curse
 g - 4 scrolls of noise {unknown}
 i - a scroll of recharging {unknown}
 k - 3 scrolls of teleportation {unknown}
 p - 3 scrolls of enchant weapon {unknown}
 s - a scroll of fear {unknown}
 t - a scroll of magic mapping {unknown}
 v - a scroll of brand weapon {unknown}
 w - 3 scrolls of immolation {unknown}
 x - 4 scrolls of random uselessness {unknown}
 F - a scroll of fog {unknown}
 G - 2 scrolls of amnesia {unknown}
Potions
 h - 2 potions of magic {unknown}
 l - 7 potions of curing
 o - 2 potions of flight {unknown}
 z - 2 potions of brilliance {unknown}
 A - a potion of mutation {unknown}
 B - a potion of might {unknown}
 C - 3 potions of resistance {unknown}
 D - 2 potions of ambrosia {unknown}
 I - a potion of invisibility
Books
 c - a book of Battle

   Spells                             Type                      Level
   a - Infusion                       Charms                       1
   b - Shroud of Golubria             Charms/Translocation         2
   c - Song of Slaying                Charms                       2
   d - Spectral Weapon                Hexes/Charms                 3
   e - Regeneration                   Charms/Necromancy            3
Comestibles
 a - a royal jelly
 d - 3 bread rations
 j - 5 meat rations
 m - 9 fruits


   Skills:
 + Level 6.3 Fighting
 * Level 13.0 Polearms
 - Level 0.6 Armour
 - Level 2.9 Dodging
 - Level 0.8 Stealth
 - Level 2.0 Spellcasting
 - Level 3.2 Charms


You couldn't memorise any spells.
You knew the following spells:

 Your Spells              Type           Power        Failure   Level  Hunger
a - Infusion              Chrm           #...         9%          1    ##.....
b - Shroud of Golubria    Chrm/Tloc      #.........   26%         2    ###....
c - Regeneration          Chrm/Necr      #.........   45%         3    ####...
d - Song of Slaying       Chrm           #.......     13%         2    ###....
e - Spectral Weapon       Hex/Chrm       #.......     45%         3    ####...


Dungeon Overview and Level Annotations

Branches:
Dungeon (8/15)             Temple (1/1) D:5
   Lair: D:8-11

Altars:
Ashenzari
Elyvilon
Fedhas
Gozag
Hepliaklqana
Nemelex Xobeh
Okawaru
Qazlal
Ru
Trog
Uskayaw

Shops:
D:4 [

Annotations:
D:7 Erica


Message History

You completely miss Erica.
Erica is lightly wounded.
You hit Erica.
Erica is lightly wounded.
Erica completely misses you.
You hit Erica.
Erica is lightly wounded.
You hit Erica.
Erica is moderately wounded.
Erica completely misses you.
You hit Erica.
Erica is moderately wounded.
You hit Erica!
Erica is heavily wounded.
Erica hits you with a scimitar of flaming!
Erica burns you. Erica casts a spell at you. The bolt of poison hits you!
You are poisoned.
You die...

#...........###.##.......# #.
#...........# #.##....#### ##
##...........###.##....##########
##.....#####..##.##..............
#.....## ##.##.##....##########
#.....# #....................
#.....# ##.........##########
#.....# #.....#.#.#
#.....#########.@..#.#.#
................>..#.#.#
#.....#########.@..#.#.# ......#
#.........#.# #.....#
#.#########.# ###.### #.# #.# #.#
#.# ####.# #.# #.# #....# #.# #.#
#.####


You could see Erica.

Vanquished Creatures
  Menkaure (D:6)
  2 sky beasts (D:7)
  A black bear (D:7)
  A scorpion (D:4)
  A howler monkey (D:5)
  3 crimson imps (D:5)
  3 human zombies (Ossuary)
  3 orc priests
  2 jellies (D:5)
  2 bullfrog skeletons
  4 iguanas
  3 orc wizards
  Natasha (thrice) (D:4)
  3 worker ants
  A big kobold zombie (Ossuary)
  A hound zombie (D:7)
  3 mummies (Ossuary)
  3 gnolls (D:3)
  9 adders
  4 oozes
  An adder skeleton (D:5)
  4 dart slugs
  A worm (D:2)
  9 leopard geckos
  16 orcs
  2 ball pythons
  4 giant cockroaches
  9 goblins
  5 hobgoblins
  16 jackals
  8 kobolds
  3 quokkas
  11 bats
  5 frilled lizards
  2 gnoll zombies (Ossuary)
  2 hobgoblin zombies (Ossuary)
  A quokka zombie (D:6)
  5 rats
157 creatures vanquished.

Notes
Turn   | Place    | Note
-------+----------+-------------------------------------------
     0 | D:1      | Inchmeat the Merfolk Skald began the quest for the Orb.
     0 | D:1      | Reached XP level 1. HP: 16/16 MP: 3/3
   267 | D:1      | Reached XP level 2. HP: 20/23 MP: 5/5
   302 | D:1      | Reached skill level 4 in Polearms
   549 | D:1      | Reached XP level 3. HP: 28/28 MP: 6/6
   818 | D:1      | You fall through a shaft!
   845 | D:2      | Reached skill level 5 in Polearms
   937 | D:2      | Reached XP level 4. HP: 29/34 MP: 7/7
   953 | D:2      | Learned a level 2 spell: Shroud of Golubria
   957 | D:2      | Learned a level 3 spell: Regeneration
  1052 | D:2      | Found a bloodstained altar of Trog.
  1719 | D:3      | Found a hazy altar of Hepliaklqana.
  1872 | D:3      | Reached skill level 6 in Polearms
  1884 | D:3      | Reached XP level 5. HP: 36/41 MP: 8/8
  2198 | D:4      | Reached skill level 7 in Polearms
  2252 | D:4      | Noticed Natasha
  2252 | D:4      | Noticed an ogre
  2469 | D:4      | Killed Natasha
  2474 | D:4      | Noticed Natasha
  2482 | D:4      | Killed Natasha
  2482 | D:4      | Reached XP level 6. HP: 14/48 MP: 9/9
  3071 | D:4      | Noticed Natasha
  3160 | D:4      | Killed Natasha
  3160 | D:4      | Reached skill level 8 in Polearms
  3205 | D:4      | Found Quno's Antique Armour Boutique.
  3599 | D:5      | Entered Level 5 of the Dungeon
  3700 | D:5      | Reached skill level 9 in Polearms
  3700 | D:5      | Reached XP level 7. HP: 51/55 MP: 10/10
  3723 | D:5      | Learned a level 2 spell: Song of Slaying
  4090 | D:5      | Noticed a hippogriff
  4264 | D:5      | Reached skill level 10 in Polearms
  4443 | D:5      | Found a staircase to the Ecumenical Temple.
  4449 | Temple   | Entered the Ecumenical Temple
  4578 | Temple   | Became a worshipper of Ashenzari the Shackled
  4845 | D:5      | Found a bloodstained altar of Trog.
  5104 | D:5      | Reached skill level 5 in Fighting
  5137 | D:6      | Found a sand-covered staircase.
  5145 | Ossuary  | Entered an ossuary
  5317 | Ossuary  | Reached XP level 8. HP: 47/62 MP: 7/11
  5354 | Ossuary  | Reached skill level 11 in Polearms
  5501 | Ossuary  | Learned a level 3 spell: Spectral Weapon
  6455 | D:6      | Noticed Menkaure
  6467 | D:6      | Killed Menkaure
  6521 | D:6      | Found an iron altar of Okawaru.
  6814 | D:7      | Found an opulent altar of Gozag.
  6815 | D:7      | Reached * piety under Ashenzari
  7018 | D:7      | Reached skill level 12 in Polearms
  7333 | D:7      | Reached skill level 13 in Polearms
  7435 | D:7      | Found a blossoming altar of Fedhas.
  7543 | D:8      | Noticed Erica
  7557 | D:7      | Killed from afar by Erica

Skill      XL: |  1  2  3  4  5  6  7  8 |
---------------+-------------------------+-----
Polearms       | 4 5 6 7 9 10 13 | 13.0
Fighting       | 3 4 5 6 |  6.3
Armour         | |  0.6
Dodging        | |  2.9
Stealth        | |  0.8
Spellcasting   | |  2.0
Charms         | |  3.2

Action                   |  1- 3 |  4- 6 |  7- 9 || total
-------------------------+-------+-------+-------++-------
Melee: Spear             |   106 |   121 |       ||   227
       Trident           |       |   187 |   414 ||   601
 Cast: Infusion          |     4 |     3 |    18 ||    25
Invok: Curse Item        |       |       |     3 ||     3
  Use: Scroll            |       |     6 |     2 ||     8
       Potion            |       |     7 |     1 ||     8
 Stab: Sleeping          |     2 |     2 |     4 ||     8
       Distracted        |       |       |     2 ||     2
  Eat: Chunk             |       |     5 |     6 ||    11
       Bread ration      |       |     1 |       ||     1
       Meat ration       |       |       |     1 ||     1
       Royal jelly       |       |       |     1 ||     1
Armor: Leather armour    |    13 |    23 |    62 ||    98
       Ring mail         |       |    40 |    20 ||    60
Dodge: Dodged            |    64 |   140 |   143 ||   347
